AoeStats
← tom

Runestones

508287615Analyzed
1v1 RM · 10d ago on Sep 21, 2026· 61m 4s· 2 players
Game mode
Random Map
Map size
Tiny (2 player)
Population
200
Speed
Normal
Resources
Standard
Victory
Conquest
Starting age
Dark Age
Ending age
Imperial Age
RankedLock teamsTeams togetherTeam positionsShared explorationLock speedFull tech treeHidden civsTurbo modeCheats
Victory
Defeat
🇧🇪 Bulgarians · Belgium
872
+15
🇩🇪 Tatars · Germany
843
-15
blümerant
7:02 Loom
9:49 Feudal Age
10:56 Double-Bit Axe
23:04 Castle Age
23:30 Scale Barding Armor
27:01 Bloodlines
27:44 Town Watch
28:35 Wheelbarrow
29:48 Bow Saw
29:41 Fletching
29:51 Padded Archer Armor
35:27 Town Watch
36:32 Chain Barding Armor
36:28 Leather Archer Armor
36:10 Bodkin Arrow
37:04 Pikeman
39:36 Horse Collar
41:09 Silk Armor
41:42 Bodkin Arrow
42:02 Leather Archer Armor
45:14 Imperial Age
45:07 Forging
45:10 Scale Mail Armor
47:06 Elite Steppe Lancer
50:57 Ballistics
54:19 Heavy Cavalry Archer
55:45 Hand Cart
tom
7:43 Loom
11:24 Feudal Age
13:22 Forging
15:22 Double-Bit Axe
21:17 Castle Age
20:03 Horse Collar
21:13 Bloodlines
21:28 Gold Mining
24:10 Elite Skirmisher
25:57 Padded Archer Armor
25:57 Fletching
28:28 Wheelbarrow
31:16 Husbandry
36:12 Stone Mining
36:58 Gold Shaft Mining
36:59 Thumb Ring
41:38 Imperial Age
39:23 Scale Barding Armor
40:56 Iron Casting
40:22 Scale Mail Armor
40:20 Bodkin Arrow
40:41 Leather Archer Armor
43:43 Cavalier
44:32 Pikeman
45:21 Halberdier
46:37 Stirrups
51:20 Hand Cart
51:10 Heavy Plow
53:05 Squires
53:17 Elite Konnik
55:05 Blast Furnace
58:02 Chain Barding Armor
58:24 Ballistics
59:15 Arson
60:06 Light Cavalry
Connection lost

Rejoining the realm…

Still unreachable

The connection could not be restored.

Session expired

The server has moved on; the page needs a fresh start.